 Dungeon Crawl Stone Soup version 0.20.1-1-g8b1a95d (webtiles) character file.

728 Lanoc the Chopper (level 7, 0/60 HPs)
             Began as a Hill Orc Skald on Nov 28, 2017.
             Slain by Schiappus's ghost (1 damage)
             ... on level 5 of the Dungeon.
             The game lasted 00:17:31 (5407 turns).

Lanoc the Chopper (Hill Orc Skald)                  Turns: 5407, Time: 00:17:31

Health: 0/60       AC:  5    Str: 16    XL:     7   Next: 72%
Magic:  8/10       EV: 12    Int: 13    God:
Gold:   211        SH:  0    Dex: 10    Spells: 4/10 levels left

rFire    . . .     SeeInvis .   a - +1 hand axe
rCold    . . .     Gourm    +   (no shield)
rNeg     . . .     Faith    .   b - +1 leather armour
rPois    .         Spirit   .   (no helmet)
rElec    .         Reflect  .   (no cloak)
rCorr    .         Harm     .   (no gloves)
MR       .....                  g - +0 pair of boots
Stlth    +.........             d - amulet of the gourmand
Regen    0.2/turn               k - ring of flight
MPRegen  0.2/turn               (no ring)

@: infused
A: no striking features
a: Evoke Flight


You were on level 5 of the Dungeon.
You were very full.

You visited 1 branch of the dungeon, and saw 5 of its levels.

You collected 211 gold pieces.

Inventory:

Hand Weapons
 a - a +1 hand axe (weapon)
Armour
 b - a +1 leather armour (worn)
 g - a +0 pair of boots (worn)
Jewellery
 d - an amulet of the gourmand (around neck)
 j - an uncursed amulet of guardian spirit
 k - a ring of flight (left hand)
Wands
 i - a wand of flame (13/48)
Scrolls
 e - a scroll of blinking
 f - 2 scrolls of teleportation
 h - a scroll of recharging
 l - a scroll of fear
 n - a scroll of enchant weapon
 q - a scroll of remove curse
Potions
 v - a potion of flight
Books
 c - a book of Battle

   Spells                             Type                      Level
   a - Infusion                       Charms                       1
   b - Shroud of Golubria             Charms/Translocation         2
   c - Song of Slaying                Charms                       2
   d - Spectral Weapon                Hexes/Charms                 3
   e - Regeneration                   Charms/Necromancy            3
 m - a book of Cantrips

   Spells                             Type                      Level
   a - Confusing Touch                Hexes                        1
   b - Animate Skeleton               Necromancy                   1
   c - Summon Small Mammal            Summoning                    1
   d - Apportation                    Translocation                1
Comestibles
 o - 2 royal jellies
 p - 4 meat rations
 s - 2 bread rations


   Skills:
 + Level 4.4 Fighting
 + Level 6.6 Axes
 + Level 3.1 Armour
 + Level 3.1 Dodging
 + Level 0.6 Stealth
 + Level 2.4 Spellcasting
 + Level 3.6 Charms
 + Level 1.0 Evocations


You had 4 spell levels left.
You knew the following spells:

 Your Spells              Type           Power        Failure   Level  Hunger
a - Infusion              Chrm           ##..         7%          1    #......
b - Song of Slaying       Chrm           ##......     10%         2    ###....
c - Spectral Weapon       Hex/Chrm       #.......     38%         3    ###....


Dungeon Overview and Level Annotations

Branches:
Dungeon (5/15)
 Temple: D:4-7

Altars:
Elyvilon
The Shining One

Annotations:
D:5 Schiappus's ghost, novice TrBe


Message History

You slash Schiappus's ghost!
Schiappus's ghost is heavily damaged.
Schiappus's ghost hits you.
You hit Schiappus's ghost but do no damage.
Schiappus's ghost is heavily damaged.
Schiappus's ghost hits you!
You hit Schiappus's ghost.
Schiappus's ghost is heavily damaged.
Schiappus's ghost hits you!
* * * LOW HITPOINT WARNING * * *
You slash Schiappus's ghost!
Schiappus's ghost is severely damaged.
Schiappus's ghost hits you!
* * * LOW HITPOINT WARNING * * *
x2
Okay, then.
You slash Schiappus's ghost!
Schiappus's ghost is severely damaged.
Schiappus's ghost hits you.
* * * LOW HITPOINT WARNING * * *
You die...

#.# #.# ####.....## ######.#
#.# #.........# .##....# #.#
#.#.....>.# ....#### #[#
#.#.......# .#<.# #.#
###.##.....## ##.....
#.####...###...## ##.##...
######.#....### ##### #.#
#.)#........#### #.#
.#.####@### #.# .......W##
##.# ##.###...## #..# #...#
#.#..##
#.#####..#####.##..##
##.#>)............#..#######
(....#..########............
#(.###.## ##..#..######
#.##...# ##.##[##


You could see Schiappus's ghost.

Vanquished Creatures
  An ice beast (D:5)
  4 ogres
  A centaur (D:5)
  Jessica (D:2)
  2 worker ants
  A hound skeleton (D:4)
  5 adders
  3 worms (D:2)
  2 dart slugs (D:1)
  5 leopard geckos
  4 bats
  7 giant cockroaches
  9 goblins
  5 hobgoblins
  13 jackals
  2 quokkas
  2 ball pythons
  5 frilled lizards
  10 kobolds
  A leopard gecko skeleton (D:4)
  5 rats
88 creatures vanquished.

Notes
Turn   | Place    | Note
-------+----------+-------------------------------------------
     0 | D:1      | Lanoc the Hill Orc Skald began the quest for the Orb.
     0 | D:1      | Reached XP level 1. HP: 18/18 MP: 3/3
   327 | D:1      | Reached XP level 2. HP: 24/25 MP: 1/4
   346 | D:1      | Learned a level 2 spell: Song of Slaying
   442 | D:1      | Reached skill level 3 in Axes
   835 | D:1      | Reached XP level 3. HP: 22/30 MP: 0/5
  1240 | D:2      | Found a glowing golden altar of the Shining One.
  1332 | D:2      | Reached XP level 4. HP: 24/38 MP: 0/6
  1627 | D:2      | Noticed Jessica
  1658 | D:2      | Killed Jessica
  2107 | D:2      | Learned a level 3 spell: Spectral Weapon
  2303 | D:3      | Reached skill level 4 in Axes
  2303 | D:3      | Reached XP level 5. HP: 32/45 MP: 3/8
  3389 | D:4      | Noticed an ogre
  3396 | D:4      | Killed an ogre
  3396 | D:4      | Reached XP level 6. HP: 21/52 MP: 3/9
  3813 | D:4      | Reached skill level 5 in Axes
  4257 | D:5      | Entered Level 5 of the Dungeon
  4257 | D:5      | Noticed an ice beast
  4554 | D:5      | Noticed Schiappus's ghost (novice TrBe)
  4587 | D:5      | Found a white marble altar of Elyvilon.
  4606 | D:5      | Reached XP level 7. HP: 19/59 MP: 8/10
  4855 | D:5      | Reached skill level 6 in Axes
  5252 | D:5      | Reached skill level 1 in Evocations
  5407 | D:5      | HP: 1/60 [Schiappus's ghost (4)]
  5407 | D:5      | Slain by Schiappus's ghost

Skill      XL: |  1  2  3  4  5  6  7 |
---------------+----------------------+-----
Axes           | 3 4 5 6 |  6.6
Fighting       | 3 4 |  4.4
Dodging        | 2 3 |  3.1
Armour         | 2 3 |  3.1
Spellcasting   | 2 |  2.4
Charms         | 3 |  3.6
Evocations     | 1 |  1.0
Stealth        | |  0.6

Action                   |  1- 3 |  4- 6 |  7- 9 || total
-------------------------+-------+-------+-------++-------
Melee: Hand axe          |   120 |   165 |    44 ||   329
 Cast: Infusion          |    11 |    24 |     6 ||    41
       Song of Slaying   |     4 |     5 |       ||     9
Evoke: Wand              |       |     5 |     3 ||     8
  Use: Scroll            |       |    12 |       ||    12
       Potion            |       |     1 |       ||     1
 Stab: Sleeping          |       |     1 |       ||     1
  Eat: Chunk             |     2 |    13 |     1 ||    16
       Bread ration      |       |     1 |       ||     1
       Royal jelly       |       |     1 |       ||     1
Armor: Leather armour    |    24 |    47 |     9 ||    80
Dodge: Dodged            |    82 |   118 |    28 ||   228
